 Dungeon Crawl Stone Soup version 0.31-a0-1074-g0b22e4e0f1 (webtiles) character file.

Game seed: 15301065355583635356

25263 freelancePsychic the Frost Mage (level 12, 0/159 HPs)
             Began as a Demigod Ice Elementalist on Nov 28, 2023.
             Killed from afar by an ice statue (6 damage)
             ... with a bolt of cold
             ... in an ice cave.
             The game lasted 00:33:42 (14402 turns).

freelancePsychic the Frost Mage (DgIE)             Turns: 14402, Time: 00:33:42

Health: 0/159      AC: 16    Str:  9    XL:     12   Next: 52%
Magic:  20/21      EV: 15    Int: 33    God:
Gold:   1542       SH:  5    Dex: 14    Spells: 9/19 levels left

rFire   . . .        G - staff of cold
rCold   + . .        D - orb {*Rage}
rNeg    . . .        K - +0 steam dragon scales
rPois   .            I - +2 helmet
rElec   .            A - +2 cloak
rCorr   .            r - +0 pair of gloves
SInv    .            L - +3 pair of seven-league boots {Rampage+∞}
Will    +....        q - amulet of reflection Stlth
                     (no ring)
HPRegen 0.46/turn    (no ring)
MPRegen 0.17/turn

%: random rage (20%), reflection, rampage+∞
@: berserking, very quick
A: high MP 1, forlorn, divine attributes
a: no special abilities


You were in an ice cave.
You visited 2 branches of the dungeon, and saw 12 of its levels.
You also visited: Sewer, Bailey and Ice Cave.

You collected 1739 gold pieces.
You spent 197 gold pieces at shops.

Inventory:

Hand Weapons
 e - a +1 dagger of speed
Missiles
 y - a throwing net
Armour
 a - a +0 robe
 l - a +0 leather armour
 r - a +0 pair of gloves (worn)
 t - a +0 pair of boots
 A - a +2 cloak (worn)
 D - an orb of wrath (worn)
 H - the +4 robe of Understanding {rF+ rC- Dex+2 Archmagi}
   (You found it in a bailey)

   Dex+2:     It affects your dexterity (+2).
   rF+:       It protects you from fire.
   rC-:       It makes you vulnerable to cold.
   Archmagi:  It increases the power of your magical spells.
 I - a +2 helmet (worn)
 K - +0 steam dragon scales (worn)
 L - the +3 pair of seven-league boots (worn) {Rampage+∞}
   (You found it on level 9 of the Dungeon)

   Rampage+∞: When moving toward enemies, its wearer moves as far as possible,
   alerting their target en route.
Magical Staves
 G - a staff of cold (weapon)
Jewellery
 q - an amulet of reflection (around neck)
 F - a ring of poison resistance
 O - a ring of resist corrosion
Wands
 f - a wand of light (3)
 i - a wand of roots (1)
 k - a wand of charming (12)
 n - a wand of polymorph (10)
Scrolls
 d - 2 scrolls of teleportation {@r4}
 p - 2 scrolls of fear
 v - 3 scrolls of enchant weapon
 x - a scroll of torment
 z - 3 scrolls of enchant armour
 C - a scroll of butterflies
 E - 2 scrolls of revelation
 J - a scroll of fog
 N - a scroll of poison
Potions
 b - a potion of magic
 c - a potion of degeneration {unknown}
 g - 2 potions of mutation {unknown}
 h - a potion of heal wounds {@q2}
 j - a potion of resistance {unknown}
 m - 4 potions of curing {unknown}
 o - a potion of attraction {unknown}
 s - a potion of haste {unknown}
 u - 4 potions of might {unknown}
 w - 2 potions of berserk rage {unknown}
 B - a potion of lignification {unknown}
Miscellaneous
 M - a lightning rod (4/4)


   Skills:
 + Level 9.7 Fighting
 - Level 6.0 Short Blades
 - Level 6.0 Staves
 + Level 8.1 Dodging
 - Level 1.7 Stealth
 - Level 4.0 Spellcasting
 - Level 5.0 Summonings
 - Level 10.0 Ice Magic
 + Level 6.0 Evocations


You had 9 spell levels left.
You knew the following spells:

 Your Spells              Type           Power      Damage    Failure   Level
a - Summon Ice Beast      Ice/Summ       71%        N/A       2%          4
b - Frozen Ramparts       Ice            100%       1d16      1%          3
c - Ozocubu's Armour      Ice            83%        N/A       1%          3

Your spell library contained the following spells:

 Spells                   Type           Power      Damage    Failure   Level
 Freeze                   Ice            100%       1d10      1%          1
 Summon Small Mammal      Summ           100%       N/A       1%          1
 Call Canine Familiar     Summ           40%        N/A       1%          3
 Summon Guardian Golem    Hex/Summ       23%        N/A       5%          3
 Vhi's Electric Charge    Tloc/Air       12%        N/A       45%         4
 Arcjolt                  Conj/Air       3%         1d13      82%         5
 Maxwell's Capacitive Co  Air            3%         ∞         100%        8


Dungeon Overview and Level Annotations

Branches:
Dungeon (11/15)            Temple (0/1) D:7            Lair (1/5) D:8
    Orc (0/2) D:9           Sewer (visited)          Bailey (visited)
  IceCv (1/1)

Shops:
D:2 *   D:10 *

Annotations:
D:2 1 runed translucent door, Crazy Yiuf
D:3 Terence
D:9 3 runed translucent doors, Beryl's ghost, novice MiSh IceCv exclusion: 2 ice statues


Innate Abilities, Weirdness & Mutations

You have an increased reservoir of magic. (+10% MP)
You shall have no god before yourself.
Your divine heritage dramatically boosts your attributes as you level up.


Message History

The harpy simulacrum misses you.
You hit the ice statue but do no damage.
The ice statue is almost destroyed.
You are engulfed in freezing vapours.
You resist.
* * * LOW HITPOINT WARNING * * *
The harpy simulacrum claws you.
* * * LOW HITPOINT WARNING * * *
The harpy simulacrum freezes you! You resist.
* * * LOW HITPOINT WARNING * * *
The harpy simulacrum completely misses you.
The ice beast hits you but does no damage.
The ice beast hits your ice beast but does no damage.
Your ice beast misses the ice beast.
You swap places.
The harpy simulacrum barely misses your ice beast.
The harpy simulacrum completely misses your ice beast.
The harpy simulacrum claws your ice beast.
The harpy simulacrum freezes your ice beast.
Your ice beast completely resists.
The harpy simulacrum barely misses your ice beast.
The ice statue gestures at you. The freezing blast misses you.
You hit the ice beast.
The ice beast is heavily wounded.
The harpy simulacrum barely misses your ice beast.
The harpy simulacrum claws your ice beast!
The harpy simulacrum freezes your ice beast.
Your ice beast completely resists.
The ice beast barely misses your ice beast.
The ice beast hits you but does no damage.
Your ice beast closely misses the harpy simulacrum.
You hit the ice beast but do no damage.
The ice beast is heavily wounded.
The harpy simulacrum barely misses your ice beast.
The harpy simulacrum claws your ice beast.
The harpy simulacrum freezes your ice beast.
Your ice beast completely resists.
The ice statue gestures at you. The bolt of cold hits you. You resist.
You die...

#.. ..## #... ... ##..##
#°○○.## ##ZY○..## ####
#8Y§°☼☼.# ##..######
##@○○...# #....##..##
###§Y○°☼..#
..........###..§..○○..#
.∩.∩.......#...........#
.......##....##........#
#....#####..####.......#
##..## #### 8......##
#### ###.#.## ####


You could see 2 ice statues, 2 ice beasts, a harpy simulacrum (ally target) and
a friendly ice beast (summoned).

Vanquished Creatures
  A boulder beetle (D:9)
  2 two-headed ogres
  2 orc high priests (Bailey)
  A cyclops (D:9)
  Maurice (D:7)
  An ugly thing (D:9)
  A manticore (shapeshifter) (D:9)
  Psyche (D:9)
  A kobold demonologist (D:10)
  3 ice devils
  2 polar bears (D:9)
  A hornet (D:7)
  Prince Ribbit (D:7)
  A shadow (D:10)
  20 yaks
  5 wyverns
  Eustachio (D:6)
  A vampire mosquito (D:9)
  A steam dragon (D:9)
  2 wargs (D:9)
  An acid dragon (D:10)
  4 water moccasins
  Pargi (Sewer)
  9 orc warriors (Bailey)
  2 black bears
  7 ice beasts
  An ogre (D:4)
  A wolf (D:9)
  2 phantoms (D:5)
  4 centaurs
  4 kobold brigands
  3 bullfrogs
  2 gnoll sergeants
  A scorpion (D:6)
  5 wights (D:7)
  Dowan (D:7)
  10 killer bees
  7 howler monkeys
  9 electric eels
  Natasha (thrice) (D:2)
  3 iguanas
  6 orc wizards
  A polar bear simulacrum (IceCv)
  A nameless horror (D:7)
  A centaur simulacrum (D:9)
  Robin (D:4)
  10 gnolls
  6 adders
  9 white imps
  6 ufetubi
  5 worms
  2 dart slugs
  19 orcs
  2 bats
  4 endoplasms
  2 giant cockroaches
  22 goblins
  5 hobgoblins
  6 jackals (D:2)
  24 kobolds
  8 quokkas
  7 ball pythons
  5 frilled lizards
  6 rats
287 creatures vanquished.

Vanquished Creatures (collateral kills)
  A kobold demonologist (D:9)
  A wraith (D:9)
  A yak (D:9)
  A vampire (D:10)
  A vampire mosquito (D:10)
  An orc warrior (D:9)
  A wolf (D:9)
  A centaur (D:10)
  A kobold brigand (D:9)
  A bullfrog (D:8)
  2 killer bees (D:8)
  A howler monkey (D:9)
  A troll simulacrum (IceCv)
  2 white imps
  An ufetubus (D:9)
  9 orcs
26 creatures vanquished.

Vanquished Creatures (others)
  A wight (D:9)
1 creature vanquished.

Grand Total: 314 creatures vanquished

Notes
Turn   | Place    | Note
-------+----------+-------------------------------------------
     0 | D:1      | freelancePsychic the Demigod Ice Elementalist began the
                  | quest for the Orb.
     0 | D:1      | Reached XP level 1. HP: 14/14 MP: 5/5
   343 | D:1      | Reached skill level 4 in Ice Magic
   343 | D:1      | Reached XP level 2. HP: 18/22 MP: 5/7
   621 | D:1      | Reached skill level 1 in Fighting
   907 | D:2      | Reached XP level 3. HP: 12/28 MP: 1/8
   986 | D:2      | Learned a level 3 spell: Frozen Ramparts
  1720 | D:2      | Found Osai's Assorted Antiques.
  1726 | D:2      | Bought a scroll labelled NUS FIWKOUS for 32 gold pieces
  1836 | D:2      | Reached XP level 4. HP: 36/36 MP: 9/9
  1844 | D:2      | Found a runed translucent door.
  1845 | D:2      | Noticed Crazy Yiuf
  1907 | D:2      | Noticed Natasha
  1918 | D:2      | Killed Natasha
  1933 | D:2      | Noticed Natasha
  1939 | D:2      | Killed Natasha
  1940 | D:2      | Reached skill level 5 in Ice Magic
  2241 | D:2      | Noticed Natasha
  2248 | D:2      | Killed Natasha
  2249 | D:2      | Reached XP level 5. HP: 30/42 MP: 4/10
  2415 | D:3      | Found a glowing drain.
  2441 | D:3      | Learned a level 3 spell: Ozocubu's Armour
  2461 | Sewer    | Entered a sewer
  2662 | Sewer    | Noticed Pargi
  2672 | Sewer    | Killed Pargi
  2673 | Sewer    | Reached skill level 1 in Summonings
  3015 | D:3      | Noticed Terence
  3276 | D:4      | Noticed Robin
  3285 | D:4      | Killed Robin
  3506 | D:4      | Reached XP level 6. HP: 50/50 MP: 11/11
  3900 | D:5      | Entered Level 5 of the Dungeon
  3911 | D:4      | Reached skill level 6 in Ice Magic
  4257 | D:5      | You fall into a shaft and drop 2 floors!
  4258 | D:7      | Noticed Prince Ribbit
  4653 | D:5      | Reached XP level 7. HP: 40/57 MP: 9/13
  5574 | D:6      | Noticed Eustachio
  5607 | D:6      | Killed Eustachio
  5689 | D:6      | Reached skill level 7 in Ice Magic
  5812 | D:6      | Learned a level 4 spell: Summon Ice Beast
  6345 | D:7      | Killed Prince Ribbit
  6346 | D:7      | Reached skill level 1 in Short Blades
  6346 | D:7      | Reached XP level 8. HP: 63/67 MP: 7/15
  6660 | D:7      | Noticed a hornet
  6666 | D:7      | Killed a hornet
  6667 | D:7      | Reached skill level 8 in Ice Magic
  6784 | D:7      | Noticed Maurice
  6823 | D:7      | Killed Maurice
  6824 | D:7      | Reached skill level 5 in Fighting
  6824 | D:7      | Reached XP level 9. HP: 74/74 MP: 9/17
  7120 | D:7      | Identified the +1 dagger of Biuqel {pain, Int+3}
  7139 | D:7      | Found a staircase to the Ecumenical Temple.
  7367 | D:7      | Reached skill level 9 in Ice Magic
  7414 | D:7      | Noticed Dowan
  7435 | D:7      | Killed Dowan
  7506 | D:8      | Reached skill level 5 in Summonings
  8277 | D:8      | Found a staircase to the Lair.
  8356 | D:8      | Reached XP level 10. HP: 84/84 MP: 10/18
  8360 | D:8      | Reached skill level 10 in Ice Magic
  8560 | D:9      | Found a staircase to the Orcish Mines.
  8584 | D:9      | Reached skill level 5 in Short Blades
  8620 | D:9      | Found a flagged portal.
  8630 | Bailey   | Entered a bailey
  8899 | Bailey   | Noticed an orc high priest
  8902 | Bailey   | Noticed a sixfirhy
  8918 | Bailey   | Killed an orc high priest
  9291 | Bailey   | Acquired a staff of cold
  9331 | Bailey   | Noticed an orc high priest
  9333 | Bailey   | Noticed a sun demon
  9687 | Bailey   | Reached skill level 1 in Staves
  9746 | Bailey   | Identified the +4 robe of Understanding {rF+ rC- Dex+2
                  | Archmagi}
  9756 | Bailey   | Killed an orc high priest
  9973 | D:9      | Reached skill level 5 in Dodging
  9973 | D:9      | Reached XP level 11. HP: 94/94 MP: 20/20
 10018 | D:9      | Reached skill level 5 in Staves
 10175 | D:9      | Noticed a two-headed ogre
 10184 | D:9      | Killed a two-headed ogre
 10377 | D:9      | Identified the +5 ring mail of Heomite {Dex+7}
 10378 | D:9      | Found a runed translucent gate.
 10380 | D:9      | Found a runed translucent gate.
 10395 | D:9      | Found a runed translucent gate.
 10395 | D:9      | Noticed Beryl's ghost (novice MiSh)
 10559 | D:9      | Noticed Psyche
 10570 | D:9      | Killed Psyche
 10871 | D:9      | Noticed a boulder beetle
 10902 | D:9      | Killed a boulder beetle
 10903 | D:9      | Reached XP level 12. HP: 103/103 MP: 1/21
 11110 | D:9      | Found the +3 pair of seven-league boots {Rampage+∞}
 11112 | D:9      | Identified the +7 scimitar "Ujoekacs" {elec, rPois Will+
                  | rCorr Int+3}
 11547 | D:9      | Acquired 1253 gold pieces
 12268 | Lair:1   | Entered Level 1 of the Lair of Beasts
 12338 | D:10     | Entered Level 10 of the Dungeon
 12517 | D:10     | Reached skill level 5 in Evocations
 12698 | D:10     | Found Dakuw's General Store.
 13134 | D:10     | Bought 2 scrolls of enchant armour for 165 gold pieces
 13708 | D:11     | Found a frozen archway.
 13962 | IceCv    | Entered an ice cave
 14399 | IceCv    | HP: 5/159 [harpy simulacrum (8)]
 14402 | IceCv    | Killed from afar by an ice statue

Illustrated notes

Levels and vault maps discovered:
D:1:      minmay_arrival_up_and_down, layout_loops_ring,
          minmay_shallow_snake_nest
D:2:      minmay_kobold_bridge, layout_loops_ring, serial_shops, shop,
          uniq_natasha, uniq_crazy_yiuf_cottage
D:3:      layout_rooms, zin_scriptorium, portal_sewer_entry_f, uniq_terence
D:4:      layout_basic, grunt_temple_overflow_open, uniq_robin
D:5:      layout_gridville, mainiacjoe_overflow_catwalk, minivault_14
D:6:      layout_loops_corners, gammafunk_temple_overflow_elements,
          uniq_eustachio
D:7:      layout_basic, minmay_temple_entry_statues_pillars,
          serial_bayou_lagoon_a, uniq_duvessa, uniq_prince_ribbit1, uniq_maurice
D:8:      layout_rooms, mainiacjoe_overflow_boulevard, slow_altar_1,
          old_standard_altar, minmay_lair_entry_grove
D:9:      minmay_the_grid_plus_closed [minmay_the_grid_x,
          minmay_the_grid_minigrid_large, minmay_the_grid_garden,
          minmay_the_grid_broken_lines, minmay_the_grid_prize_shrinking_boxes],
          layout_loops_ring, nicolae_overflow_crystal_walls,
          minmay_orc_entry_guard_dogs, enter_bailey_3, serial_ice, serial_ice_j,
          serial_ice_n, serial_ice_o, serial_ice_m, serial_ice_f, serial_ice_a,
          serial_ice_c, serial_ice_g, serial_ice_d, serial_ice_h,
          gammafunk_ghost_nasty_kobolds, glass_columns_b,
          dreamdust_princess_corridor, uniq_psyche
D:10:     layout_loops_corners, serial_shops,
          nicolae_shop_pleasant_corner_grove, minmay_fractal_squares_5
D:11:     layout_cave_pods, portal_ice_cave_demonic_guard
Lair:1:   hellmonk_destroyed_diamonds, layout_gridlike, st_stairs_4,
          kennysheep_rathole, infiniplex_staircase_pool
IceCv:    ice_cave_small_demon

Skill      XL: |  1  2  3  4  5  6  7  8  9 10 11 12 |
---------------+-------------------------------------+-----
Ice Magic      | 4 5 6 7 8 9 10 | 10.0
Fighting       | 1 2 3 4 5 6 8 9 |  9.7
Summonings     | 1 2 3 4 5 |  5.0
Spellcasting   | 2 3 4 |  4.0
Short Blades   | 1 3 4 6 |  6.0
Dodging        | 5 6 8 |  8.1
Staves         | 4 6 |  6.0
Evocations     | 4 6 |  6.0
Stealth        | |  1.7

Action                     |  1- 3 |  4- 6 |  7- 9 | 10-12 || total
---------------------------+-------+-------+-------+-------++-------
  Melee: Dagger            |    28 |   149 |   140 |    16 ||   333
         Unarmed           |     1 |       |    23 |       ||    24
         Punch             |       |       |     2 |       ||     2
         Staff             |       |       |       |   262 ||   262
   Cast: Freeze            |    63 |    31 |       |       ||    94
         Frozen Ramparts   |       |    15 |    24 |    65 ||   104
         Ozocubu's Armour  |       |     8 |    26 |    34 ||    68
         Summon Ice Beast  |       |       |     1 |    23 ||    24
  Evoke: Wand              |       |     8 |     3 |    25 ||    36
    Use: Scroll            |     3 |     6 |     5 |    10 ||    24
         Potion            |       |     1 |       |     1 ||     2
   Stab: Sleeping          |     3 |     1 |       |       ||     4
         Invisible         |       |       |       |     4 ||     4
 Armour: Robe              |    30 |       |       |   148 ||   178
         Leather armour    |     1 |   108 |   114 |    75 ||   298
         Skin              |       |       |    10 |       ||    10
         Steam dragon scal |       |       |       |   106 ||   106
  Dodge: Dodged            |    44 |    86 |   113 |   324 ||   567
  Block: Other             |       |    19 |    12 |       ||    31
         Reflection        |       |     1 |       |       ||     1

Table legend: (Time is in decaauts)
 A = Elapsed time spent in this place.
 B = Non-inter-level travel time spent in this place.
 C = Inter-level travel time spent in this place.
 D = Time resting spent in this place.
 E = Time spent auto-exploring this place.
 F = Levels seen in this place.
 G = Mean time per level.
                   A        B        C        D        E       F      G
               +--------+--------+--------+--------+--------+-----+--------+
         Total |  14603 |  14088 |    515 |   1704 |   9549 |  15 |  973.5 |
       Dungeon |  12410 |  11896 |    514 |   1002 |   8499 |  11 | 1128.2 |
          Lair |      3 |      3 |      0 |      0 |      0 |   1 |    3.0 |
         Sewer |    363 |    363 |      0 |      0 |    288 |   1 |  363.0 |
        Bailey |   1389 |   1389 |      0 |    387 |    721 |   1 | 1389.0 |
      Ice Cave |    436 |    436 |      0 |    314 |     40 |   1 |  436.0 |
               +--------+--------+--------+--------+--------+-----+--------+

Top non-repeatable levels by time:
     D:9: 2484 daAuts
     D:2: 1547 daAuts
     D:7: 1441 daAuts
  Bailey: 1389 daAuts
    D:10: 1371 daAuts
     D:6: 1274 daAuts
     D:5: 1021 daAuts
     D:8: 926 daAuts
     D:1: 812 daAuts
     D:4: 721 daAuts
     D:3: 555 daAuts
   IceCv: 436 daAuts
   Sewer: 363 daAuts
    D:11: 254 daAuts
  Lair:1: 3 daAuts
